 Dungeon Crawl Stone Soup version 0.19.5 (webtiles) character file.

5322 sankara the Cleaver (level 10, -1/92 HPs)
             Began as a Deep Dwarf Fighter on Mar 26, 2017.
             Was a Follower of Makhleb.
             Killed from afar by an electric eel (11 damage)
             ... with a bolt of electricity
             ... on level 9 of the Dungeon.
             The game lasted 00:25:55 (7160 turns).

sankara the Cleaver (Deep Dwarf Fighter)            Turns: 7160, Time: 00:25:56

Health: -1/92      AC: 15    Str: 23    XL:     10   Next: 38%
Magic:  8/8        EV: 10    Int: 10    God:    Makhleb [*.....]
Gold:   440        SH: 19    Dex: 15    Spells: 0 memorised, 9 levels left

rFire  . . .     SeeInvis .     K - +7 hand axe "Acehaf" {venom, rN+}
rCold  . . .     Gourm    .     z - +0 plate armour
rNeg   + . .     Faith    .     O - +2 shield
rPois  .         Spirit   .     (no helmet)
rElec  .         Reflect  +     p - +0 cloak
rCorr  .         Harm     .     (no gloves)
MR     +....                    (no boots)
Stlth  ..........               u - +5 amulet of reflection
                                q - +4 ring of strength
                                l - +5 ring of evasion

@: non-regenerating
A: damage resistance, recharge devices, icy blue scales 1, sense surroundings 2,
slow regeneration 3
a: Device Recharging, Renounce Religion


You were on level 9 of the Dungeon.
You worshipped Makhleb.
Makhleb was aware of your devotion.
You were not hungry.

You visited 2 branches of the dungeon, and saw 10 of its levels.

You collected 680 gold pieces.
You spent 240 gold pieces at shops.

Inventory:

Hand Weapons
 a - a +0 war axe of chopping
 K - the +7 hand axe "Acehaf" (weapon) {venom, rN+}
   (You bought it in a shop on level 7 of the Dungeon)

   It poisons the flesh of those it strikes.
   It protects you from negative energy.
Missiles
 J - a throwing net (quivered)
Armour
 p - a +0 cloak (worn)
 z - a +0 plate armour (worn)
 D - a +0 large shield
 O - a +2 shield (worn)
Jewellery
 l - a +5 ring of evasion (left hand)
 o - a +1 ring of slaying
 q - a +4 ring of strength (right hand)
 u - a +5 amulet of reflection (around neck)
 F - an uncursed ring of magical power
 M - an uncursed ring of resist corrosion
Wands
 e - a wand of heal wounds (2/9)
 r - a wand of slowing (19/48)
 v - a wand of lightning (4/15)
 w - a wand of acid (5/15)
Scrolls
 b - 3 scrolls of amnesia {unknown}
 g - 8 scrolls of remove curse
 i - 4 scrolls of teleportation
 s - a scroll of fog {unknown}
 t - 3 scrolls of blinking {unknown}
 y - 2 scrolls of enchant armour {unknown}
 B - a scroll of identify
 E - a scroll of immolation {unknown}
 G - a scroll of torment {unknown}
 I - a scroll of acquirement {unknown}
 L - a scroll of magic mapping {unknown}
Potions
 d - 6 potions of might
 h - a potion of berserk rage
 j - 2 potions of degeneration
 m - 3 potions of curing
 n - a potion of brilliance
 C - a potion of flight {unknown}
 H - 2 potions of haste
Comestibles
 f - 8 bread rations
 k - 4 fruits
 x - 6 meat rations
 A - 12 beef jerkies


   Skills:
 + Level 6.8 Fighting
 * Level 11.1 Axes
 + Level 4.6 Armour
 + Level 10.4 Shields


You had 9 spell levels left.
You didn't know any spells.

Dungeon Overview and Level Annotations

Branches:
Dungeon (9/15)             Temple (1/1) D:7
   Lair: D:8-11         Orc: D:9-12

Altars:
Ashenzari
Cheibriados
Dithmenos
Fedhas
Gozag
Hepliaklqana
Makhleb
Okawaru
Ru
Sif Muna
Uskayaw
Vehumet
Xom
Yredelemnul
The Shining One

Shops:
D:5 *   D:7 *


Innate Abilities, Weirdness & Mutations

You are resistant to damage.
You can recharge devices by infusing magical energy.
You passively map the area around you.
You do not regenerate.
You are partially covered in icy blue scales. (AC +2)


Message History

The electric eel shoots out a bolt of lightning at you!
The bolt of electricity hits you!
* * * LOW HITPOINT WARNING * * *
The bolt of electricity hits you!
* * * LOW HITPOINT WARNING * * *
Your shield and plate armour prevent you from hitting the electric eel.
You hit the plant but do no damage.
The electric eel shoots out a bolt of lightning at you!
The bolt of electricity hits you!
* * * LOW HITPOINT WARNING * * *
The bolt of electricity misses you.
The bolt of electricity hits the electric eel.
The electric eel completely resists.
The electric eel shoots out a bolt of lightning at you!
The bolt of electricity hits you!
You miss the electric eel. You closely miss the electric eel.
The electric eel shoots out a bolt of lightning at you!
The bolt of electricity hits you!
You die...

#...≈≈≈≈P.#* ,
#=†≈P≈≈≈..#, *
#...≈≈≈≈≈.#+# *
#....≈≈≈≈....
#....†≈......
#.#.†≈≈≈≈.... *
#.#.P≈≈≈≈....
#†#..;≈≈.....***
, #...@≈≈≈...##
, **
#..≈.≈≈P≈≈.#
#..≈≈≈≈≈P≈... *
*+
#...≈≈≈≈≈....,,
, ,,
#....≈≈≈P.≈.. ,
, ,,
#....≈≈≈≈≈...
#....≈≈≈≈≈P..
##...≈≈≈≈≈...<
** , , ,,


You could see an electric eel.

Vanquished Creatures
  A troll (D:7)
  2 hippogriffs
  The ghost of strmesko the Thaumaturge, an amateur DEFE (D:4)
  5 yaks (D:9)
  Duvessa (D:5)
  2 orc warriors
  A black bear (D:8)
  2 sky beasts
  2 phantoms
  7 ogres
  6 centaurs
  3 bullfrogs
  Dowan (D:5)
  2 scorpions
  9 killer bees (D:7)
  2 electric eels (D:9)
  2 crimson imps
  2 howler monkeys
  2 hounds
  A jelly (D:6)
  Crazy Yiuf (D:3)
  2 bullfrog skeletons
  3 orc priests
  2 centaur skeletons
  3 orc wizards
  Ijyb (D:2)
  Natasha (thrice) (D:3)
  3 iguanas
  4 worker ants
  A hound skeleton (D:6)
  A worker ant zombie (D:7)
  4 gnolls (D:5)
  18 adders
  A shadow imp (D:8)
  An adder skeleton (D:7)
  2 adder zombies
  2 worms
  3 dart slugs
  8 leopard geckos
  18 orcs
  9 giant cockroaches
  19 goblins
  8 hobgoblins
  16 jackals
  5 quokkas
  11 bats
  A frilled lizard (D:2)
  A giant cockroach zombie (D:5)
  8 kobolds
  A quokka zombie (D:8)
  4 rats
218 creatures vanquished.

Vanquished Creatures (others)
  A centaur (D:5)
  2 plants (D:9)
3 creatures vanquished.

Grand Total: 221 creatures vanquished

Notes
Turn   | Place    | Note
-------+----------+-------------------------------------------
     0 | D:1      | sankara the Deep Dwarf Fighter began the quest for the Orb.
     0 | D:1      | Reached XP level 1. HP: 20/20 MP: 1/1
   268 | D:1      | Reached XP level 2. HP: 27/27 MP: 2/2
   431 | D:1      | Reached skill level 3 in Axes
   638 | D:1      | Reached XP level 3. HP: 25/33 MP: 3/3
   996 | D:2      | Noticed Ijyb
  1013 | D:2      | Killed Ijyb
  1013 | D:2      | Reached XP level 4. HP: 20/42 MP: 4/4
  1236 | D:2      | Reached skill level 4 in Axes
  1668 | D:2      | Reached XP level 5. HP: 40/49 MP: 5/5
  1906 | D:3      | Found a runed door.
  2021 | D:3      | Found an iron altar of Okawaru.
  2190 | D:3      | Noticed Natasha
  2200 | D:3      | Killed Natasha
  2200 | D:3      | Reached skill level 5 in Shields
  2586 | D:3      | Noticed Natasha
  2593 | D:3      | Killed Natasha
  2606 | D:3      | Noticed Crazy Yiuf
  2611 | D:3      | Killed Crazy Yiuf
  2611 | D:3      | Reached XP level 6. HP: 28/56 MP: 6/6
  2645 | D:3      | Noticed Natasha
  2656 | D:3      | Killed Natasha
  2656 | D:3      | Reached skill level 5 in Axes
  2817 | D:4      | Noticed strmesko's ghost (amateur DEFE)
  2822 | D:4      | Gained mutation: You are partially covered in icy blue scales. (AC +2) [potion of beneficial mutation]
  2832 | D:4      | Killed strmesko's ghost
  2886 | D:4      | Reached XP level 7. HP: 36/63 MP: 7/7
  2933 | D:4      | Reached skill level 6 in Axes
  3795 | D:5      | Entered Level 5 of the Dungeon
  4175 | D:5      | Found a shadowy altar of Dithmenos.
  4227 | D:5      | Reached XP level 8. HP: 24/73 MP: 8/8
  4241 | D:5      | Found Hoimomy's General Store.
  4509 | D:5      | Reached skill level 7 in Axes
  4535 | D:5      | Noticed Duvessa
  4535 | D:5      | Noticed Dowan
  4551 | D:5      | Killed Duvessa
  4552 | D:5      | Reached skill level 5 in Fighting
  4558 | D:5      | Killed Dowan
  4558 | D:5      | Reached skill level 8 in Axes
  5082 | D:6      | Gained mutation: You passively map the area around you. [Deep Dwarf growth]
  5082 | D:6      | Reached XP level 9. HP: 36/81 MP: 9/9
  5432 | D:7      | Reached skill level 9 in Axes
  5472 | D:7      | Noticed a troll
  5488 | D:7      | Killed a troll
  5644 | D:7      | Found a staircase to the Ecumenical Temple.
  5661 | Temple   | Entered the Ecumenical Temple
  5757 | Temple   | Became a worshipper of Makhleb the Destroyer
  5974 | D:7      | Found Lipti's Assorted Antiques.
  5984 | D:7      | Bought an iridescent hand axe for 240 gold pieces
  5984 | D:7      | Identified the +7 hand axe "Acehaf" {venom, rN+} (You bought it in a shop on level 7 of the Dungeon)
  6091 | D:7      | Reached skill level 10 in Axes
  6256 | D:8      | Reached skill level 10 in Shields
  6368 | D:8      | Reached XP level 10. HP: 32/92 MP: 9/9
  6554 | D:8      | Reached * piety under Makhleb
  6877 | D:9      | Found a shadowy altar of Dithmenos.
  6877 | D:9      | Found a basalt altar of Yredelemnul.
  6884 | D:9      | Found a hide-covered altar of Uskayaw.
  6893 | D:9      | Found a shimmering altar of Xom.
  6893 | D:9      | Found a shattered altar of Ashenzari.
  6896 | D:9      | Found a deep blue altar of Sif Muna.
  7125 | D:9      | Reached skill level 11 in Axes
  7160 | D:9      | Killed from afar by an electric eel

Skill      XL: |  1  2  3  4  5  6  7  8  9 10 |
---------------+-------------------------------+-----
Axes           | 3 4 5 6 8 10 11 | 11.1
Shields        | 4 5 6 8 10 | 10.4
Fighting       | 3 4 5 6 |  6.8
Armour         | 4 |  4.6

Action                   |  1- 3 |  4- 6 |  7- 9 | 10-12 || total
-------------------------+-------+-------+-------+-------++-------
Melee: War axe           |   123 |   205 |   331 |       ||   659
       Hand axe          |       |       |    49 |    74 ||   123
 Abil: Device Recharging |       |       |     1 |     1 ||     2
Evoke: Wand              |       |     1 |     7 |     3 ||    11
  Use: Scroll            |       |     4 |     1 |       ||     5
       Potion            |       |     6 |     4 |       ||    10
  Eat: Chunk             |     1 |     6 |    12 |     3 ||    22
Armor: Scale mail        |    66 |    43 |       |       ||   109
       Chain mail        |       |    32 |       |       ||    32
       Plate armour      |       |     7 |   147 |    13 ||   167
       Skin              |       |     9 |       |       ||     9
Dodge: Dodged            |    50 |    61 |   122 |    13 ||   246
Block: Shield            |    81 |   127 |   339 |    40 ||   587
       Reflection        |       |     1 |    12 |       ||    13
